 Dungeon Crawl Stone Soup version 0.29.0-4-gdea44cf6ec (webtiles) character file.

Game seed: 10914123837288246493

23 qw the Firebug (level 3, -2/28 HPs)
             Began as a Ghoul Fire Elementalist on Aug 29, 2022.
             Slain by a jackal (3 damage)
             ... on level 1 of the Dungeon.
             The game lasted 00:00:53 (1751 turns).

qw the Firebug (Ghoul Fire Elementalist)            Turns: 1751, Time: 00:00:53

Health: -2/28      AC:  2    Str: 13    XL:     3   Next: 0%
Magic:  4/4        EV: 12    Int: 10    God:
Gold:   65         SH:  0    Dex:  9    Spells: 4/5 levels left

rFire   . . .      SeeInvis .     - Unarmed
rCold   + . .      Faith    .   (no shield)
rNeg    + + +      Spirit   .   a - +0 robe
rPois   inf        Reflect  .   (no helmet)
rElec   .          Harm     .   (no cloak)
rCorr   .          Rampage  .   (no gloves)
Will    .....                   (no boots)
Stlth   ++........              (no amulet)
HPRegen 0.00/turn               (no ring)
MPRegen 0.09/turn               (no ring)

@: inhibited regen
A: claws 1, cold resistance 1, negative energy resistance 3, inhibited
regeneration, torment resistance 2, devour on kill
a: no special abilities


You were on level 1 of the Dungeon.
You visited 1 branch of the dungeon, and saw 1 of its levels.

You collected 65 gold pieces.


Innate Abilities, Weirdness & Mutations

You are immune to poison.
You have sharp fingernails.
Your flesh is cold resistant. (rC+)
You are immune to negative energy. (rN+++)
You do not regenerate when monsters are visible.
You are immune to unholy pain and torment.
You thrive by killing the living.


   Skills:
 - Level 1.0 Fighting
 - Level 1.7 Dodging
 - Level 2.1 Stealth
 + Level 2.4 Unarmed Combat
 - Level 1.7 Spellcasting
 - Level 0.7 Conjurations
 - Level 2.4 Fire Magic


You had 4 spell levels left.
You knew the following spells:

 Your Spells              Type           Power      Damage    Failure   Level
a - Foxfire               Conj/Fire      16%        2x1d4     17%         1

Your spell library contained the following spells:

 Spells                   Type           Power      Damage    Failure   Level
 Scorch                   Fire           10%        2d5       19%         2
 Conjure Flame            Conj/Fire      4%         6-21      45%         3
 Inner Flame              Hex/Fire       3%         N/A       52%         3
 Flame Wave               Conj/Fire      4%         2d5       86%         4

Inventory:

Armour
 a - a +0 robe (worn)
 d - a +0 cloak
Scrolls
 c - a scroll of acquirement {unknown}
 g - a scroll of teleportation {unknown}
Potions
 b - a potion of magic
 e - a potion of curing {unknown}
 f - 2 potions of brilliance {unknown}

Dungeon Overview and Level Annotations

Branches:
Dungeon (1/15)

Altars:


Message History

You scratch the jackal.
The jackal is moderately wounded.
The jackal bites you. The jackal closely misses you.
You closely miss the jackal.
The jackal is moderately wounded.
The jackal bites you. The jackal barely misses you.
You scratch the jackal but do no damage.
The jackal is moderately wounded.
The jackal bites you.
The jackal bites you but does no damage.
You barely miss the jackal.
The jackal is lightly wounded.
The jackal barely misses you. The jackal bites you.
The jackal bites you but does no damage.
The jackal bites you.
You scratch the jackal.
The jackal is almost dead.
The jackal bites you. x2
You barely miss the jackal.
The jackal is almost dead.
The jackal barely misses you.
The jackal bites you but does no damage.
You scratch the jackal.
You kill the jackal!
The jackal barely misses you. The jackal completely misses you.
You have reached level 3!
Your experience leads to an increase in your attributes!
Increase (S)trength, (I)ntelligence, or (D)exterity?
You feel stronger. x2
You scratch the jackal.
The jackal is moderately wounded.
The jackal closely misses you. The jackal bites you.
The jackal closely misses you.
You scratch the jackal but do no damage.
The jackal is moderately wounded.
The jackal barely misses you. x2
You closely miss the jackal.
The jackal is moderately wounded.
The jackal bites you. x3
You die...

#.#.....#
#.#
#.#.....#
#.#
#.#######
#.# #.#
#.# #.#
#.# #.# ##
#)# #.#
..# #.#
####.#...#
#.#
#@h..'...#
#.#
##h#.#...#
#.# #.#.#
### #.#
#.#.# #..
#.#.# ##.
....# #.
##### #.
#. #.


You could see 2 jackals.

Vanquished Creatures
  A dart slug (D:1)
  2 goblins (D:1)
  6 hobgoblins (D:1)
  2 jackals (D:1)
  A quokka (D:1)
  2 ball pythons (D:1)
  A frilled lizard (D:1)
  3 kobolds (D:1)
  2 rats (D:1)
20 creatures vanquished.

Notes
Turn   | Place    | Note
-------+----------+-------------------------------------------
     0 | D:1      | qw the Ghoul Fire Elementalist began the quest for the Orb.
     0 | D:1      | Reached XP level 1. HP: 14/14 MP: 2/2
     0 | D:1      | 0 ||| qw: Version: 0.1-a-90-g952f4b7
     0 | D:1      | 0 ||| qw: Game counter: 3868
     0 | D:1      | 0 ||| qw: Always use a shield: true
     0 | D:1      | 0 ||| qw: God list: Okawaru
     0 | D:1      | 0 ||| qw: Allow faded altars: false
     0 | D:1      | 0 ||| qw: Do Orc after D:15 true
     0 | D:1      | 0 ||| qw: Do second Lair branch before Depths: true
     0 | D:1      | 0 ||| qw: Lair rune preference: random
     0 | D:1      | 0 ||| qw: Plans: Normal
     0 | D:1      | 0 ||| PLANNING D:1-11
   319 | D:1      | Reached skill level 1 in Unarmed Combat
   378 | D:1      | HP: 1/15 [hobgoblin (3)]
   381 | D:1      | Reached skill level 1 in Fighting
   381 | D:1      | Reached XP level 2. HP: 3/23 MP: 3/3
   676 | D:1      | Found a faded altar of an unknown god.
  1732 | D:1      | 1732 ||| Stepping ~*~*~tactically~*~*~ (outnumbered).
  1733 | D:1      | 1733 ||| Stepping ~*~*~tactically~*~*~ (outnumbered).
  1735 | D:1      | 1735 ||| Stepping ~*~*~tactically~*~*~ (outnumbered).
  1749 | D:1      | Reached XP level 3. HP: 7/28 MP: 4/4
  1749 | D:1      | HP: 4/28 [jackal (3)]
  1751 | D:1      | HP: 1/28 [jackal (1)]
  1751 | D:1      | Slain by a jackal

Levels and vault maps discovered:
D:1:      spicycebolla_arrival_xxxplode, layout_basic,
          ebering_ecumenical_altar_box, minmay_tiny_reverse_x

Skill      XL: |  1  2 |
---------------+-------+-----
Unarmed Combat | 1 2 |  2.4
Fighting       | 1 |  1.0
Dodging        | |  1.7
Stealth        | |  2.1
Spellcasting   | |  1.7
Conjurations   | |  0.7
Fire Magic     | |  2.4

Action                   || total
-------------------------++-------
Melee: Unarmed           ||    94
       Punch             ||     1
Armor: Robe              ||    16
Dodge: Dodged            ||    54

Table legend:
 A = Non-vault XP
 B = Vault XP
 C = Vault XP percentage of total XP
 D = Non-vault monster count
 E = Vault monster count
 F = Vault count percentage of total count
                 A         B        C        D         E       F
            +---------+---------+-------+---------+---------+-------
      Total |      34 |       0 |   0.0 |      20 |       0 |   0.0
            +---------+---------+-------+---------+---------+-------
        D:1 |      34 |       0 |   0.0 |      20 |       0 |   0.0
            +---------+---------+-------+---------+---------+-------
